 Dungeon Crawl Stone Soup version 0.30.1-9-gdf580d7c3d (webtiles) character file.

Game seed: 14735036752190725447

30563 Amplified the Warrior (level 13, -4/199 HPs)
             Began as a Hill Orc Hexslinger on Oct 5, 2023.
             Was a Priest of Okawaru.
             Slain by a reaper
             ... wielding a +5 scythe of venom
              (8 damage)
             ... on level 2 of the Abyss.
             The game lasted 00:21:36 (11415 turns).

Amplified the Warrior (Hill Orc Hexslinger)        Turns: 11415, Time: 00:21:37

Health: -4/199     AC: 26    Str: 17    XL:     13   Next: 52%
Magic:  21/21      EV:  2    Int: 12    God:    Okawaru [***...]
Gold:   595        SH:  6    Dex: 15    Spells: 13/14 levels left

rFire   + . .        z - +3 hand axe (elec)
rCold   . . .        B - +0 buckler
rNeg    . . .        r - melded +2 robe {rN+}
rPois   +            t - melded +0 helmet
rElec   .            (cloak currently unavailable)
rCorr   .            d - melded +0 pair of gloves
SInv    .            (boots currently unavailable)
Will    .....        h - amulet of regeneration
Stlth   +            j - ring of poison resistance
HPRegen 1.33/turn    e - ring of protection from fire
MPRegen 0.17/turn

%: no passive effects
@: lethally poisoned (-4 -> -9), tree-form
A: stationary, stasis, torment immunity, boosted hp, agile 1, (heat
vulnerability 1), noise suppression
a: Renounce Religion, Heroism


You were on level 2 of the Abyss.
You worshipped Okawaru.
Okawaru was most pleased with you.
You were a tree.
You visited 1 branch of the dungeon, and saw 11 of its levels.
You visited the Abyss 1 time.
You also visited: Ossuary.

You collected 739 gold pieces.
You spent 144 gold pieces at shops.

Inventory:

Hand Weapons
 b - the +1 hand axe "Puge" {spect, *Noise rPois Str+6 Stlth+}
   (You bought it in a shop on level 8 of the Dungeon)

   Str:       It affects your strength (+6).
   rPois:     It protects you from poison.
   *Noise:    It may make noises in combat.
   Stlth:     It makes you more stealthy.
 g - a +4 whip of venom
 u - a +0 broad axe of venom
 z - a +3 hand axe of electrocution (weapon)
Missiles
 c - 18 poisoned darts (quivered)
 w - 2 throwing nets
Armour
 d - a +0 pair of gloves (melded)
 i - a +0 ring mail
 r - a +2 robe of positive energy (melded)
 t - a +0 helmet (melded)
 B - a +0 buckler (worn)
Jewellery
 a - a ring of positive energy
 e - a ring of protection from fire (right branch)
 h - an amulet of regeneration (around neck)
 j - a ring of poison resistance (left branch)
 n - a ring of wizardry
 E - an amulet of the acrobat
 J - a ring of positive energy
Wands
 l - a wand of iceblast (3)
 m - a wand of light (5)
 D - a wand of flame (28)
 K - a wand of charming (5)
Scrolls
 f - a scroll of vulnerability
 k - 4 scrolls of noise
 p - a scroll of teleportation
 s - a scroll of fog
 y - 5 scrolls of poison
 A - 4 scrolls of amnesia
Potions
 q - a potion of ambrosia
 x - 2 potions of brilliance
 C - a potion of flight
Miscellaneous
 v - a phantom mirror


   Skills:
 * Level 17.6 Fighting
 * Level 14.1(14.7) Axes
 - Level 5.6(9.5) Maces & Flails
 - Level 1.7 Ranged Weapons
 - Level 6.5 Armour
 - Level 1.5 Dodging
 * Level 7.3 Shields
 - Level 1.0 Spellcasting
 - Level 3.0 Hexes
 * Level 11.1 Invocations


You had 13 spell levels left.
You knew the following spells:

 Your Spells              Type           Power      Damage    Failure   Level
a - Slow                  Hex            28%        N/A       11%         1

Your spell library contained the following spells:

 Spells                   Type           Power      Damage    Failure   Level
 Ensorcelled Hibernation  Hex/Ice        8%         N/A       30%         2
 Apportation              Tloc           0%         N/A       36%         1
 Necrotise                Necr           0%         1d4       36%         1
 Passwall                 Tmut/Erth      0%         N/A       50%         2
 Inner Flame              Hex/Fire       4%         N/A       52%         3
 Portal Projectile        Hex/Tloc       8%         N/A       52%         3
 Cause Fear               Hex            3%         N/A       71%         4
 Swiftness                Air            0%         N/A       73%         3
 Anguish                  Hex/Necr       2%         N/A       89%         4
 Enfeeble                 Hex            3%         N/A       100%        7
 Summon Small Mammal      Summ           Unusable   N/A       N/A         1

Dungeon Overview and Level Annotations

Branches:
Dungeon (11/15)            Temple (0/1) D:4            Lair (0/5) D:9
    Orc (0/2) D:9         Ossuary (visited)

Altars:
Ashenzari
Cheibriados
Dithmenos
Makhleb
Okawaru
Qazlal
Trog
Vehumet
Yredelemnul
The Shining One

Shops:
D:8 ((*[

Annotations:
D:9 2 transporters


Innate Abilities, Weirdness & Mutations

You are a tree.
Your roots penetrate the ground, keeping you stationary.
You cannot be teleported.
You are immune to unholy pain and torment.
Your maximum health is greatly increased.
Your equipment is partially melded.
You are agile. (Dex +4, Str/Int -1)
((You are vulnerable to heat. (rF-)))
You passively dampen the noise of your surroundings.


Message History

You feel very sick.
Unknown command.
You feel extremely sick.
You block the large abomination's attack.
Unknown command.
You closely miss the reaper.
The reaper is severely wounded.
You hit the large abomination.
You feel very sick.
The reaper hits you with a +5 scythe of venom!!!
* * * LOW HITPOINT WARNING * * *
The large abomination hits you!!
* * * LOW HITPOINT WARNING * * *
Unknown command.
Okay, then.
Really quaff the potion of lignification?
Okay, then.
Okay, then.
Okay, then.
Really quaff the potion of lignification?
You turn into a tree.
Your +0 helmet melds into your body.
Your +0 pair of gloves melds into your body.
Your +2 robe of positive energy melds into your body.
You feel less protected from negative energy.
Your roots penetrate the ground.
You feel strangely stable.
* * * LOW HITPOINT WARNING * * *
You feel very sick. The reaper hits you but does no damage.
Unknown command.
Unknown command.
You cannot move.
You barely miss the reaper.
The reaper is severely wounded.
You hit the large abomination but do no damage.
Lightning courses through the large abomination!!
* * * LOW HITPOINT WARNING * * *
You feel sick.
The large abomination hits you but does no damage.
The reaper hits you with a +5 scythe of venom!
You die...

#...# .#.. #.
..# ##. ..
#...### #.#
#.. .. #.....
...#2....#..#
.#.. ......#
# ## ..##..#.
#. ..#.## ..
#..##X5.#...#
####♣#.5..#
##2###3.# ###
. #


You could see a reaper, a large abomination and a white imp.

Vanquished Creatures
  2 tentacled starspawn (Abyss:2)
  Josephine (D:10)
  A hydra (D:11)
  5 two-headed ogres
  3 large abominations (Abyss:2)
  3 ugly things
  Pikel (D:7)
  2 starcursed masses (Abyss:2)
  A kobold demonologist (D:11)
  2 unseen horrors
  An ice devil (Abyss:2)
  A komodo dragon (D:11)
  An ancient zyme (Abyss:2)
  4 trolls
  3 flying skulls (Abyss:2)
  3 vampires (D:11)
  2 shadows (D:11)
  4 wraiths (D:10)
  A wyvern (D:6)
  11 yaks
  A steam dragon (D:7)
  Menkaure (D:7)
  A vampire mosquito (D:11)
  2 water moccasins
  8 orc warriors
  A black bear (D:8)
  An ice beast (D:7)
  6 centaurs
  2 ogres (D:7)
  A phantom (D:6)
  A lemure (D:7)
  2 kobold brigands
  3 bullfrogs
  A gnoll sergeant (D:11)
  2 small abominations (Abyss:2)
  4 scorpions
  13 wights
  5 water moccasin zombies (Ossuary)
  17 killer bees
  5 jellies
  A centaur zombie (D:4)
  7 orc priests
  4 hounds (D:5)
  A gnoll bouda (D:6)
  A sleepcap (D:4)
  A scorpion zombie (D:4)
  5 iguanas
  14 orc wizards
  2 hound zombies (D:4)
  3 mummies
  13 adders
  9 gnolls
  2 shadow imps (D:8)
  2 white imps
  2 ufetubi
  6 adder zombies
  2 worms
  2 dart slugs
  43 orcs
  7 endoplasms
  2 giant cockroaches (D:4)
  11 goblins
  16 hobgoblins
  5 jackals
  3 quokkas
  6 ball pythons
  4 bats
  A frilled lizard (D:2)
  2 gnoll zombies (Ossuary)
  5 hobgoblin zombies (Ossuary)
  18 kobolds
  4 kobold zombies (Ossuary)
  2 orc zombies (Ossuary)
  3 rats
  4 starspawn tentacles (Abyss:2)
342 creatures vanquished.

Vanquished Creatures (others)
  An unseen horror (D:7)
  5 starspawn tentacles (Abyss:2)
6 creatures vanquished.

Grand Total: 348 creatures vanquished

Notes
Turn   | Place    | Note
-------+----------+-------------------------------------------
     0 | D:1      | Amplified the Hill Orc Hexslinger began the quest for the
                  | Orb.
     0 | D:1      | Reached XP level 1. HP: 16/16 MP: 2/2
   263 | D:1      | Reached skill level 1 in Armour
   263 | D:1      | Reached XP level 2. HP: 20/24 MP: 3/3
   421 | D:1      | Reached skill level 1 in Maces & Flails
   456 | D:1      | Reached skill level 2 in Fighting
  1107 | D:2      | Reached XP level 3. HP: 29/29 MP: 4/4
  1170 | D:2      | Gained mutation: You are vulnerable to cold. (rC-) [potion
                  | of mutation]
  1170 | D:2      | Gained mutation: Your movements are slightly less
                  | encumbered by armour. (ER -2) [potion of mutation]
  1170 | D:2      | Gained mutation: You are partially covered in iridescent
                  | scales. (AC +2) [potion of mutation]
  1831 | D:3      | Found a radiant altar of Vehumet.
  1892 | D:3      | Reached XP level 4. HP: 33/37 MP: 5/5
  2053 | D:3      | Reached skill level 3 in Fighting
  2199 | D:3      | Reached XP level 5. HP: 39/45 MP: 6/6
  2375 | D:3      | Found an iron altar of Okawaru.
  2423 | D:3      | Became a worshipper of Warmaster Okawaru
  2773 | D:4      | Reached skill level 1 in Invocations
  2801 | D:4      | Found a basalt altar of Yredelemnul.
  2907 | D:4      | Reached skill level 4 in Fighting
  2907 | D:4      | Reached XP level 6. HP: 29/52 MP: 7/7
  3091 | D:4      | Reached * piety under Okawaru
  3273 | D:4      | Found a burning altar of Makhleb.
  3672 | D:4      | Reached XP level 7. HP: 54/60 MP: 9/9
  3708 | D:4      | Found a staircase to the Ecumenical Temple.
  3785 | D:4      | Found a shadowy altar of Dithmenos.
  4017 | D:5      | Entered Level 5 of the Dungeon
  4165 | D:5      | Reached skill level 5 in Fighting
  4395 | D:5      | Found a stormy altar of Qazlal.
  4492 | D:5      | Found a sand-covered staircase.
  4510 | Ossuary  | Entered an ossuary
  4596 | Ossuary  | Reached XP level 8. HP: 68/69 MP: 11/11
  4631 | Ossuary  | Reached ** piety under Okawaru
  4710 | Ossuary  | Reached skill level 5 in Maces & Flails
  4710 | Ossuary  | Reached skill level 5 in Armour
  4760 | Ossuary  | Reached skill level 6 in Fighting
  4760 | Ossuary  | Reached skill level 5 in Invocations
  4852 | Ossuary  | Reached skill level 15 in Fighting
  4852 | Ossuary  | Reached XP level 9. HP: 97/97 MP: 12/12
  5431 | D:6      | Found a bloodstained altar of Trog.
  5435 | D:6      | Found a snail-covered altar of Cheibriados.
  5991 | D:7      | Reached skill level 1 in Axes
  5993 | D:7      | Reached *** piety under Okawaru
  6052 | D:7      | Noticed Menkaure
  6138 | D:7      | Noticed Pikel
  6152 | D:7      | Killed Pikel
  6153 | D:7      | Reached XP level 10. HP: 95/107 MP: 14/14
  6306 | D:7      | Killed Menkaure
  6406 | D:7      | Killed an unseen horror
  6474 | D:6      | Reached **** piety under Okawaru
  6625 | D:7      | Reached skill level 1 in Shields
  6656 | D:7      | Reached skill level 16 in Fighting
  6724 | D:7      | Noticed a purple ugly thing
  6743 | D:7      | Killed a purple ugly thing
  7102 | D:7      | Found a glowing golden altar of the Shining One.
  7135 | D:8      | Found Coumih's Antique Weapon Shoppe.
  7172 | D:8      | Bought a warped hand axe for 144 gold pieces
  7172 | D:8      | Identified the +1 hand axe "Puge" {spect, *Noise rPois
                  | Str+6 Stlth+} (You bought it in a shop on level 8 of the
                  | Dungeon)
  7218 | D:8      | Reached XP level 11. HP: 114/114 MP: 13/16
  7224 | D:8      | Reached skill level 5 in Axes
  7272 | D:8      | Found Iciom's Weapon Boutique.
  7415 | D:8      | Found Cumeywos's Assorted Antiques.
  7798 | D:8      | Noticed a brown ugly thing
  7810 | D:8      | Killed a brown ugly thing
  8166 | D:8      | Found Xahak's Armour Emporium.
  8173 | D:8      | Lost mutation: Your movements are slightly less encumbered
                  | by armour. (ER -2) [potion of mutation]
  8173 | D:8      | Lost mutation: You are partially covered in iridescent
                  | scales. (AC +2) [potion of mutation]
  8173 | D:8      | Lost mutation: You are vulnerable to cold. (rC-) [potion of
                  | mutation]
  8173 | D:8      | Gained mutation: You are vulnerable to heat. (rF-) [potion
                  | of mutation]
  8173 | D:8      | Gained mutation: You passively dampen the noise of your
                  | surroundings. [potion of mutation]
  8173 | D:8      | Gained mutation: You are agile. (Dex +4, Str/Int -1)
                  | [potion of mutation]
  8325 | D:9      | Found a transporter.
  8370 | D:9      | Found a transporter.
  8509 | D:9      | Found a broken altar of Ashenzari.
  8602 | D:9      | Found a staircase to the Lair.
  8813 | D:9      | Found a staircase to the Orcish Mines.
  8998 | D:10     | Entered Level 10 of the Dungeon
  9257 | D:10     | Noticed Josephine
  9262 | D:10     | Reached XP level 12. HP: 116/122 MP: 18/18
  9277 | D:10     | Killed Josephine
  9460 | D:10     | Noticed a two-headed ogre
  9477 | D:10     | Killed a two-headed ogre
  9750 | D:11     | Noticed a two-headed ogre
  9759 | D:11     | Killed a two-headed ogre
  9760 | D:11     | Reached skill level 5 in Shields
  9802 | D:11     | Noticed a two-headed ogre
  9815 | D:11     | Killed a two-headed ogre
 10108 | D:11     | Noticed an eight-headed hydra
 10119 | D:11     | Killed an eight-headed hydra
 10172 | D:11     | Reached skill level 17 in Fighting
 10265 | D:11     | Noticed a two-headed ogre
 10279 | D:11     | Killed a two-headed ogre
 10280 | D:11     | Reached skill level 10 in Invocations
 10283 | D:11     | Reached XP level 13. HP: 114/132 MP: 20/20
 10793 | Abyss:2  | Cast into level 2 of the Abyss (a wizard)
 10830 | Abyss:2  | Noticed a bone dragon
 10893 | Abyss:2  | Found a corrupted altar of Lugonu.
 10898 | Abyss:2  | Found a corrupted altar of Lugonu.
 10898 | Abyss:2  | Found a corrupted altar of Lugonu.
 10900 | Abyss:2  | Noticed a tentacled starspawn
 10914 | Abyss:2  | Killed a tentacled starspawn
 10999 | Abyss:2  | Noticed a tentacled starspawn
 11019 | Abyss:2  | Killed a tentacled starspawn
 11126 | Abyss:2  | Noticed a starcursed mass
 11209 | Abyss:2  | Found a corrupted altar of Lugonu.
 11209 | Abyss:2  | Found a corrupted altar of Lugonu.
 11221 | Abyss:2  | Noticed a tentacled starspawn
 11354 | Abyss:2  | Noticed a tentacled starspawn
 11384 | Abyss:2  | Noticed a reaper
 11413 | Abyss:2  | HP: 6/133 [large abomination (22)]
 11415 | Abyss:2  | Slain by a reaper

Illustrated notes

Levels and vault maps discovered:
D:1:      kennysheep_arrival_seaside, layout_loops_ring, st_stairs_7
D:2:      layout_loops_ring, minmay_misc_feat_columns
D:3:      layout_loops_cross, mainiacjoe_overflow_paths,
          mainiacjoe_overflow_tiny_flanked, chequers_serial_rivers_small_a,
          minmay_between
D:4:      minmay_angry_zag, layout_basic, nicolae_yredelemnul_corpse_copse,
          grunt_dithmenos_smoke_and_mirrors, bloody_makhleb,
          minmay_temple_entry_antechambers, minmay_ogre_servants
D:5:      layout_basic, grunt_qazlal_clouds, gup_ossuary_entry_pyramid
D:6:      layout_basic, mainiacjoe_overflow_catwalk_spiral, sigmund_army
D:7:      hangedman_cross_stitches, layout_loops_cross,
          nicolae_tso_swordbearing_angel, minmay_misc_feat_rows, uniq_pikel,
          uniq_menkaure
D:8:      minmay_evil_eye, layout_basic, serial_shops, nicolae_shop_peninsula,
          nicolae_shop_rolling_square, nicolae_shop_just_a_little_nook,
          nicolae_lakefront_shop
D:9:      gammafunk_steamed_eel, layout_basic, nicolae_overflow_crystal_walls,
          lair_entry_dummy, orc_0_dummy
D:10:     layout_small_grid, uniq_josephine
D:11:     minmay_the_grid_octo_tiled_squarecenter [minmay_the_grid_octo_77,
          minmay_the_grid_octo_toaster, minmay_the_grid_octo_checkered,
          minmay_the_grid_octo_clover_2,
          minmay_the_grid_square_5x5_megaprize_diamond,
          minmay_the_grid_square_5x5_spiral,
          minmay_the_grid_square_5x5_pentomino_r,
          minmay_the_grid_square_5x5_meh, minmay_the_grid_square_5x5_shuriken],
          layout_rooms, serial_curves, eino_curves_04, eino_curves_02,
          eino_curves_01, eino_curves_04
Abyss:2:  base: D:5, spicy_abyss_unhelpful_harpoons

Skill      XL: |  1  2  3  4  5  6  7  8  9 10 11 12 13 |
---------------+----------------------------------------+-----
Armour         | 1 2 3 4 5 6 |  6.5
Maces & Flails | 1 2 3 4 5 |  5.6
Fighting       | 2 3 4 5 15 16 17 | 17.6
Invocations    | 2 3 4 5 6 7 8 10 11 | 11.1
Axes           | 2 4 12 13 14 | 14.1
Shields        | 2 4 5 7 |  7.3
Ranged Weapons | |  1.7
Dodging        | |  1.5
Spellcasting   | |  1.0
Hexes          | |  3.0

Action                     |  1- 3 |  4- 6 |  7- 9 | 10-12 | 13-15 || total
---------------------------+-------+-------+-------+-------+-------++-------
  Melee: Whip              |   189 |   180 |   352 |     7 |       ||   728
         Punch             |     1 |     5 |     7 |     2 |       ||    15
         Flail             |       |    99 |       |       |       ||    99
         Hand axe          |       |       |    32 |   455 |   231 ||   718
   Fire: Sling             |     7 |       |       |       |       ||     7
  Throw: Dart              |       |       |       |     1 |       ||     1
   Cast: Slow              |     1 |       |       |       |       ||     1
 Invoke: Heroism           |       |       |     2 |    21 |     9 ||    32
         Finesse           |       |       |       |     2 |     3 ||     5
  Evoke: Wand              |       |     2 |     5 |     4 |       ||    11
    Use: Scroll            |     5 |     6 |     4 |     8 |     6 ||    29
         Potion            |     2 |     5 |     6 |     4 |     8 ||    25
   Stab: Invisible         |       |       |       |     6 |       ||     6
         Sleeping          |       |       |       |     2 |       ||     2
         Distracted        |       |       |       |     1 |       ||     1
 Armour: Robe              |     5 |       |       |   101 |    38 ||   144
         Ring mail         |    77 |   107 |   146 |     5 |       ||   335
         Skin              |       |    33 |       |       |     2 ||    35
  Dodge: Dodged            |   142 |   149 |   206 |   210 |    75 ||   782
  Block: Buckler           |       |       |       |    89 |    41 ||   130
